 Dungeon Crawl Stone Soup version 0.32-a0-696-g5fa0bccb63 (webtiles) character file.

Game seed: 15146511474897363988

49 Ajdolov the Poker (level 3, -2/31 HPs)
             Began as a Mountain Dwarf Monk on Mar 13, 2024.
             Splashed by a jelly's acid (9 damage)
             ... on level 3 of the Dungeon.
             The game lasted 00:02:27 (2310 turns).

Ajdolov the Poker (Mountain Dwarf Monk)             Turns: 2310, Time: 00:02:28

Health: -2/31      AC: -6    Str: 13    XL:     3   Next: 51%
Magic:  3/3        EV:  5    Int: 12    God:
Gold:   114        SH:  0    Dex: 12    Spells: 2/2 levels left

rFire   . . .        a - +0 spear
rCold   . . .        d - orb {light}
rNeg    . . .        m - +0 chain mail
rPois   .            (no helmet)
rElec   .            (no cloak)
rCorr   .            n - +0 pair of gloves
SInv    .            i - +0 pair of boots
Will    .....        (no amulet) Stlth
                     (no ring)
HPRegen 0.25/turn    (no ring)
MPRegen 0.08/turn

%: no passive effects
@: corroded, glowing
A: runic magic, artefact enchanting
a: no special abilities


You were on level 3 of the Dungeon.
You visited 1 branch of the dungeon, and saw 3 of its levels.

You collected 114 gold pieces.

Inventory:

Hand Weapons
 a - a +0 spear (weapon)
Armour
 d - an orb of light (worn)
 i - a +0 pair of boots (worn)
 m - a +0 chain mail (worn)
 n - a +0 pair of gloves (worn)
Wands
 p - a wand of polymorph (10)
Scrolls
 e - a scroll of fog {unknown}
 f - a scroll of teleportation {unknown}
 g - 4 scrolls of immolation {unknown}
 j - 3 scrolls of identify {unknown}
 k - a scroll of enchant weapon {unknown}
 r - a scroll of fear {unknown}
Potions
 b - 2 potions of mutation {unknown}
 c - a potion of ambrosia
 h - 3 potions of heal wounds {unknown}
 l - 3 potions of lignification {unknown}
 o - a potion of enlightenment {unknown}
 q - a potion of curing {unknown}


   Skills:
 - Level 3.3 Fighting
 * Level 4.4 Polearms
 - Level 2.2 Dodging


You had 2 spell levels left.
You didn't know any spells.
Your spell library contained the following spells:

 Spells                   Type           Power      Damage    Failure   Level
 Cigotuvi's Dreadful Rot  Necr/Alch/Air  0%         N/A       73%         2
 Sublimation of Blood     Necr           0%         N/A       73%         2
 Animate Dead             Necr           0%         N/A       100%        4
 Dispel Undead            Necr           0%         3d6       100%        4
 Martyr's Knell           Necr/Summ      0%         N/A       100%        4
 Petrify                  Alch/Erth      0%         N/A       100%        4
 Borgnjor's Vile Clutch   Necr/Erth      0%         N/A       100%        5
 Irradiate                Conj/Alch      0%         3d11      100%        5
 Death Channel            Necr           0%         N/A       100%        6


Dungeon Overview and Level Annotations

Branches:
Dungeon (3/15)

Altars:
Hepliaklqana
Makhleb
Zin

Annotations:
D:3 2 transporters


Innate Abilities, Weirdness & Mutations

Your spellcasting is much less encumbered by armour.
You can use scrolls of enchantment on lesser artefacts.


Message History

You kill the quokka!
No target in view!
You see here a quokka corpse.
Found a long sword.
h - 3 grey potions (gained 1)
Found a hazy altar of Hepliaklqana.
You see here a quokka corpse.
The hound barks!
The adder hisses angrily.
You hear an angry hiss.
Found a glowing silver altar of Zin.
A jelly comes into view.
The jelly quivers.
A jelly is nearby!
Found 6 gold pieces and a club.
You hit the jelly.
Your hands burn!
The jelly is moderately wounded.
You hit the jelly.
Your hands burn!
The jelly is heavily wounded.
The jelly hits you but does no damage.
You hit the jelly but do no damage. The acid corrodes you!
Your hands burn!
The jelly is heavily wounded.
The jelly hits you but does no damage.
You hit the jelly but do no damage.
Your hands burn!
The jelly is heavily wounded.
The jelly hits you but does no damage.
You hit the jelly. The acid corrodes you!
Your hands burn!
The jelly is severely wounded.
The jelly hits you. The acid corrodes you!
You are splashed with acid!
You are too injured to fight recklessly!
You are too injured to fight recklessly!
You are too injured to fight recklessly!
The jelly attacks as it pursues you! The jelly hits you but does no damage.
You hit the jelly but do no damage. The acid corrodes you!
Your hands burn!
* * * LOW HITPOINT WARNING * * *
The jelly is severely wounded.
The hound pauses to sniff the ground.
The jelly hits you.
* * * LOW HITPOINT WARNING * * *
The acid corrodes you!
You are splashed with acid!
You die...

.. ##.#
#...#####
..©.....##
#######J.#
$._.$ß##@#
)$$/!hY#.#
#.#.#.....#S#.#
#.#..#...#.S#.#
#.#........©#.#
#.#..#...#..#.#
#.#.#..©..#.#.#
#.#.........#.#
#.##ß.....ß##.#


You could see an ice beast, a hound, a jelly and 2 adders.

Vanquished Creatures
  An adder (D:3)
  4 endoplasms
  2 giant cockroaches
  6 goblins
  A hobgoblin (D:2)
  4 jackals (D:2)
  A quokka (D:3)
  5 ball pythons
  3 frilled lizards
  4 kobolds
  8 rats
39 creatures vanquished.

Notes
Turn   | Place    | Note
-------+----------+-------------------------------------------
     0 | D:1      | Ajdolov the Mountain Dwarf Monk began the quest for the
                  | Orb.
     0 | D:1      | Reached XP level 1. HP: 19/19 MP: 1/1
   485 | D:1      | Reached XP level 2. HP: 24/26 MP: 2/2
  1227 | D:2      | Reached skill level 4 in Polearms
  1542 | D:2      | Reached XP level 3. HP: 29/31 MP: 3/3
  2168 | D:3      | Found a burning altar of Makhleb.
  2203 | D:3      | Found a transporter.
  2205 | D:3      | Noticed an ice beast
  2208 | D:3      | Found a transporter.
  2254 | D:3      | Found a hazy altar of Hepliaklqana.
  2294 | D:3      | Found a glowing silver altar of Zin.
  2310 | D:3      | Splashed by a jelly's acid

Illustrated notes

Levels and vault maps discovered:
D:1:      elethiomel_arrival_maze, layout_loops_corners
D:2:      layout_basic
D:3:      layout_loops_cross, nicolae_hepliaklqana_hippocampus,
          mainiacjoe_overflow_tiny_flanked, gammafunk_temple_overflow_arena

Skill      XL: |  1  2 |
---------------+-------+-----
Polearms       | 4 |  4.4
Fighting       | |  3.3
Dodging        | |  2.2

Action                     || total
---------------------------++-------
  Melee: Spear             ||   144
 Armour: Ring mail         ||    17
         Chain mail        ||    64
  Dodge: Dodged            ||    19

Table legend: (Time is in decaauts)
 A = Elapsed time spent in this place.
 B = Non-inter-level travel time spent in this place.
 C = Inter-level travel time spent in this place.
 D = Time resting spent in this place.
 E = Time spent auto-exploring this place.
 F = Levels seen in this place.
 G = Mean time per level.
                   A        B        C        D        E       F      G
               +--------+--------+--------+--------+--------+-----+--------+
         Total |   2297 |   2244 |     53 |      0 |   1909 |   3 |  765.7 |
       Dungeon |   2297 |   2244 |     53 |      0 |   1909 |   3 |  765.7 |
               +--------+--------+--------+--------+--------+-----+--------+

Top non-repeatable levels by time:
     D:1: 1037 daAuts
     D:2: 941 daAuts
     D:3: 318 daAuts
